Cogmind - Beta 14 @@@ ROGUE MODE // 2024.09.07 @ 17:44:29 Player: Valkyorl Result: Destroyed by P-70 Sage with High-powered Shock Rifle Performance ------------- Evolutions (5) 2500 Regions Visited (14) 2800 Robots Destroyed (106) 530 Value Destroyed (2654) 2654 Prototype IDs (6) 120 Alien Tech Used (0) 0 Bonus (675) 675 TOTAL SCORE: 9279 Bonus ------- High Alert Combat Kills 90 Follower Combat Kills 85 Entered DSFs 500 Cogmind --------- Core Integrity 0/1000 Matter 300/300 Energy 93/100 System Corruption 3% Temperature Warm (180) Movement Core (50) Location -5/Upper Caves Parts ------- > --- POWER (2) -------- (None) > --- PROPULSION (4) --- (None) > --- UTILITY (8) ------ Advanced Signal Interpreter Transport Network Coupler 0b10 Decoder Chip [Skirmisher] Advanced ECM Suite > --- WEAPON (3) ------- (None) > --- INVENTORY (5) ---- Improved Melee Analysis Suite Advanced ECM Suite System Shield Heavy Pick Peak State ------------ > --- POWER ------------ Micro Nuclear Core Light Fission Core > --- PROPULSION ------- Improved Flight Unit Xenon Bombardment Thruster Cooled Cesium-ion Thruster > --- UTILITY ---------- Advanced Weight Redist. System Improved Sensor Array Advanced Signal Interpreter Transport Network Coupler Advanced ECM Suite Hacking Suite Hacking Suite Makeshift Hacking Suite > --- WEAPON ----------- Axe Ripper > --- INVENTORY -------- Melee Analysis Suite Improved Hardlight Generator Guided EMP Blaster [Rating: 57] Favorites ----------- Power Ion Engine Engine Ion Engine Power Core Light Fission Core Propulsion Light Treads Treads Light Treads Hover Unit Gravmag Array Flight Unit Improved Flight Unit Utility Huge Storage Unit Device Shield Generator Storage Huge Storage Unit Processor Signal Interpreter Hackware Hacking Suite Protection Hardened Medium Armor Plating Weapon Light Cannon Energy Gun Beamcaster Energy Cannon Advanced Beam Cannon Ballistic Gun Autogun Ballistic Cannon Light Cannon Launcher Mini Grenade Launcher Slashing Weapon Axe Piercing Weapon Heavy Pick Build | -11 -10 -10 -9 -9 -8 -8 -7 -7 -6 -6 -6 -5 -5 -5 ------- Run | Yrd Mat Min Mat Min Mat Sto Fac DSF Fac Low Low Fac Upp Upp Slots Evolved 10 | . . . 2 . 2 . 2 . 2 . . 2 . . Power 1 | . . . . . . . . . . . . 1 . . Propulsion 2 | . . . 1 . . . 1 . . . . . . . Utility 6 | . . . 1 . 2 . 1 . 1 . . 1 . . Weapon 1 | . . . . . . . . . 1 . . . . . Parts Attached 124 | 7 9 . 18 3 35 7 1 5 28 3 1 3 2 2 Power 13 | 1 2 . 1 1 3 1 . . 2 . 1 1 . . Engine 10 | 1 2 . 1 1 3 1 . . 1 . . . . . Core 3 | . . . . . . . . . 1 . 1 1 . . Reactor . | . . . . . . . . . . . . . . . Propulsion 29 | 2 . . 8 . 10 3 . . 5 1 . . . . Treads 23 | 2 . . 8 . 10 3 . . . . . . . . Leg . | . . . . . . . . . . . . . . . Wheel . | . . . . . . . . . . . . . . . Hover 3 | . . . . . . . . . 3 . . . . . Flight 3 | . . . . . . . . . 2 1 . . . . Utility 42 | 1 4 . 6 1 11 2 . 2 12 1 . 1 . 1 Device 8 | . . . . . 2 . . . 5 . . 1 . . Storage 7 | 1 2 . 3 . . . . . 1 . . . . . Processor 5 | . 1 . . . 1 . . . 2 . . . . 1 Hackware 3 | . . . . . . . . . 2 1 . . . . Protection 19 | . 1 . 3 1 8 2 . 2 2 . . . . . Artifact . | . . . . . . . . . . . . . . . Weapon 40 | 3 3 . 3 1 11 1 1 3 9 1 . 1 2 1 Energy Gun 5 | 2 . . . 1 . . . . 2 . . . . . Energy Cannon 5 | . . . . . 3 1 . . 1 . . . . . Ballistic Gun 9 | 1 . . 2 . 3 . . 3 . . . . . . Ballistic Cannon 5 | . 3 . 1 . . . . . 1 . . . . . Launcher 9 | . . . . . 5 . 1 . . . . 1 2 . Special Weapon . | . . . . . . . . . . . . . . . Impact Weapon . | . . . . . . . . . . . . . . . Slashing Weapon 6 | . . . . . . . . . 5 1 . . . . Piercing Weapon 1 | . . . . . . . . . . . . . . 1 Special Melee Weapon . | . . . . . . . . . . . . . . . Unidentified Prototypes 3 | . . . . . 1 . . . 1 . . 1 . . Parts Lost 44 | . . 1 1 . 11 1 . 10 6 . 1 9 4 . Power 5 | . . . . . 1 . . 1 . . 1 2 . . Propulsion 9 | . . . . . 2 1 . 3 . . . 2 1 . Utility 17 | . . . . . 4 . . 4 4 . . 3 2 . Weapon 13 | . . 1 1 . 4 . . 2 2 . . 2 1 . Highest Loss Streak 9 | . . 1 1 . 3 1 . 6 3 . 1 9 3 . To Critical Strikes . | . . . . . . . . . . . . . . . Average Slot Usage (%) 89 | . 97 99 98 100 96 97 84 54 44 69 86 82 25 23 Engine 8 | . 14 14 11 11 8 8 7 5 . . . . . . Treads 23 | . 28 28 32 33 26 26 23 14 . . . . . . Flight 1 | . . . . . . . . . 4 13 20 16 1 . Device 3 | . . . . . 7 . . . 6 13 13 15 5 5 Storage 8 | . 14 14 11 11 9 9 7 6 . . . . . . Processor 9 | . 2 14 11 11 9 9 7 1 3 13 13 11 11 14 Hackware 1 | . . . . . . . . . 6 13 20 16 6 . Protection 10 | . 9 . 10 11 16 25 23 12 2 . . . . . Energy Gun 1 | . 3 . . 8 2 . . . 1 . . . . . Energy Cannon 1 | . . . . . 2 8 . . 1 . . . . . Ballistic Gun 6 | . 14 13 8 11 5 . . 8 . . . . . . Ballistic Cannon 5 | . 10 14 13 2 . . . . 1 . . . . . Launcher 2 | . . . . . 8 9 15 3 . . . . . . Slashing Weapon 1 | . . . . . . . . . 4 7 13 9 . . Peak Build Rating 57 | 6 8 8 15 23 35 33 31 34 49 49 49 57 33 21 Average Rating 21 | 3 7 7 12 21 25 31 31 21 32 38 48 53 16 15 On Entrance 21 | . 6 8 7 15 23 30 32 31 . 37 49 49 22 11 Naked Turns 27 | . . . . . . . . 22 5 . . . . . Heaviest Build 118 | 14 90 18 94 104 112 118 115 118 25 14 14 23 13 6 Greatest Support 67 | 40 40 40 63 63 67 67 67 67 40 26 26 26 5 3 Greatest Overweight (x) 30 | . 2 . 2 1 2 4 1 30 4 . . 1 4 1 Average Overweight (x) . | . . . . 1 1 1 1 1 . . . . . . Largest Inventory Capacity 25 | 8 25 10 25 25 25 25 25 25 5 5 5 5 5 5 Average Capacity 18 | 6 9 10 22 25 25 25 25 22 5 5 5 5 5 5 Most Carried 25 | 5 10 10 24 25 25 18 14 17 5 5 5 5 5 5 Average Carried 15 | 2 7 10 17 23 21 14 14 14 4 5 4 4 3 3 Final Capacity 25 | 8 10 10 25 25 25 25 25 5 5 5 5 5 5 5 Final Carried 24 | 1 10 10 24 24 16 14 14 3 5 5 5 5 3 4 Class Distribution -------------------- 66% | Mutant 19% | Scavenger-Mutant 5% | Hacker-Scout 3% | Hacker-Mutant 3% | Hacker-Ninja Dominant Class ---------------- Mutant | -10/Materials Mutant | -10/Mines Mutant | -9/Materials Mutant | -9/Mines Mutant | -8/Materials Mutant | -8/Storage Mutant | -7/Factory Mutant | -7/DSF Hacker-Mutant | -6/Factory Hacker-Scout | -6/Lower Caves Hacker-Scout | -6/Lower Caves Hacker-Ninja | -5/Factory Mutant | -5/Upper Caves Mutant | -5/Upper Caves Resources | -11 -10 -10 -9 -9 -8 -8 -7 -7 -6 -6 -6 -5 -5 -5 ----------- Run | Yrd Mat Min Mat Min Mat Sto Fac DSF Fac Low Low Fac Upp Upp Matter Collected 3176 | 254 186 212 782 172 827 65 . 125 441 57 10 . 25 20 Remotely 328 | . . . . . 328 . . . . . . . . . Salvage Created 3105 | . 253 84 845 99 1149 91 . 122 420 . . 19 23 . Parts 201 | . 19 4 57 6 75 10 . 6 21 . . 1 2 . Haulers Intercepted 12 | . 2 . 4 . 3 . . . 3 . . . . . Recyclers Shooed . | . . . . . . . . . . . . . . . Parts Field Recycled . | . . . . . . . . . . . . . . . Retrieved Matter . | . . . . . . . . . . . . . . . Parts Self-Destructed . | . . . . . . . . . . . . . . . Prevented 2 | . . . . . . . . . . . . . 2 . Kills | -11 -10 -10 -9 -9 -8 -8 -7 -7 -6 -6 -6 -5 -5 -5 ------- Run | Yrd Mat Min Mat Min Mat Sto Fac DSF Fac Low Low Fac Upp Upp Combat Hostiles Destroyed 72 | . 3 3 22 4 28 6 . 2 2 . . 1 1 . Melee 3 | . . . . . . . . . 2 . . 1 . . Guns 33 | . 2 1 10 3 15 . . 2 . . . . . . Cannons 18 | . 1 2 12 1 2 . . . . . . . . . AOE 18 | . . . . . 11 6 . . . . . . 1 . Classes Destroyed 14 | . 3 1 5 . 3 . . . 1 . . 1 . . Worker 6 | . . . 2 . 3 . . . 1 . . . . . Builder 3 | . . . 1 . . 1 . . 1 . . . . . Tunneler 2 | . . . 1 . . . . . 1 . . . . . Hauler 12 | . 2 . 4 . 3 . . . 3 . . . . . Recycler 1 | . . . . . 1 . . . . . . . . . Watcher 10 | . 2 . 4 . 4 . . . . . . . . . Swarmer 27 | . . 1 10 2 9 4 . . . . . . 1 . Cutter 2 | . . . . . . . . . 2 . . . . . Grunt 24 | . 3 2 7 2 10 . . . . . . . . . Duelist 1 | . . . 1 . . . . . . . . . . . Sentry 12 | . . . 4 . 6 2 . . . . . . . . Specialist 3 | . . . . . 1 . . 2 . . . . . . Hunter 2 | . . . . . 2 . . . . . . . . . Programmer 1 | . . . . . . . . . . . . 1 . . Best Kill Streak 10 | . 2 1 9 2 10 4 . 2 2 . . 1 1 . Combat Bots Only 9 | . 2 1 6 2 9 4 . 2 2 . . 1 1 . Max Kills in Single Turn 4 | . 1 1 2 1 4 2 . 1 1 . . 1 1 . Gunslinging . | . . . . . . . . . . . . . . . Exploded 3 | . . . . . 3 2 . . . . . . 1 . Melee 1 | . . . . . . . . . 1 . . 1 . . Uniques/NPCs Destroyed . | . . . . . . . . . . . . . . . Combat | -11 -10 -10 -9 -9 -8 -8 -7 -7 -6 -6 -6 -5 -5 -5 -------- Run | Yrd Mat Min Mat Min Mat Sto Fac DSF Fac Low Low Fac Upp Upp Hostile Shots Fired 748 | . 12 62 92 18 166 30 . 124 93 2 6 55 81 7 Missed 256 | . 5 15 33 10 44 12 . 44 28 2 3 31 26 3 Damage Taken 8139 | . 95 494 674 96 1950 301 . 1662 1275 . 51 591 869 81 Core 2204 | . 24 73 119 12 92 27 . 569 257 . 13 242 695 81 Absorbed by Shields 277 | . . . . . 277 . . . . . . . . . Redirected to Shielding 144 | . . . . . 16 . . . 128 . . . . . Regen/Repaired (Parts) 697 | . . . 387 . 246 64 . . . . . . . . Core Remaining (%) 65 | 100 . 61 . 67 . 78 . 18 . . 68 . . . Volleys Fired 240 | . 22 12 76 16 84 7 . 8 13 . . . 2 . Largest 3 | . 2 2 2 2 2 2 . 2 3 . . . 1 . Hottest 171 | . 70 55 70 98 98 98 . 56 171 . . . 50 . Shots Fired 459 | . 44 23 148 32 159 14 . 16 21 . . . 2 . Gun 245 | . 35 11 57 18 104 . . 16 4 . . . . . Cannon 170 | . 9 12 91 14 20 7 . . 17 . . . . . Launcher 44 | . . . . . 35 7 . . . . . . 2 . Special . | . . . . . . . . . . . . . . . Kinetic 337 | . 31 23 148 30 80 . . 16 9 . . . . . Thermal 75 | . 13 . . 2 44 7 . . 9 . . . . . Explosive 42 | . . . . . 35 7 . . . . . . . . Electromagnetic 5 | . . . . . . . . . 3 . . . 2 . Robot Hit Streak 17 | . 7 5 10 3 17 5 . 13 5 . . . 3 . Robot Miss Streak 6 | . 1 6 4 4 6 3 . 2 4 . . . . . Penetration Max . | . . . . . . . . . . . . . . . Secondary Targets 1 | . . . . . 1 . . . . . . . . . Max Gunslinging Chain 1 | . . . . . 1 . . . . . . . . . Shots Hit Robots 292 | . 32 11 86 16 98 9 . 12 22 . . 4 2 . Core Hits 164 | . 11 7 42 6 70 10 . 5 11 . . 1 1 . Critical Kills 2 | . . . . 1 1 . . . . . . . . . Critical Parts Destroyed . | . . . . . . . . . . . . . . . Critical Strikes 10 | . 3 . . 1 4 . . . 2 . . . . . Burn 5 | . 2 . . . 3 . . . . . . . . . Destroy 2 | . . . . 1 1 . . . . . . . . . Blast 2 | . 1 . . . . . . . 1 . . . . . Sever 1 | . . . . . . . . . 1 . . . . . Melee Attacks 53 | . . . . . . . . . 23 . . 29 . 1 Impact . | . . . . . . . . . . . . . . . Slashing 52 | . . . . . . . . . 23 . . 29 . . Piercing 1 | . . . . . . . . . . . . . . 1 Sneak Attacks 5 | . . . . . . . . . 4 . . 1 . . Combat Hostiles . | . . . . . . . . . . . . . . . Follow-up Attacks . | . . . . . . . . . . . . . . . Damage Inflicted 7423 | . 444 167 1565 296 3007 567 . 264 850 . . 177 86 . Guns 2622 | . 308 78 556 152 1181 . . 264 83 . . . . . Cannons 1852 | . 136 89 1009 144 202 60 . . 212 . . . . . Explosions 2187 | . . . . . 1620 481 . . . . . . 86 . Melee 732 | . . . . . . . . . 555 . . 177 . . Ramming 30 | . . . . . 4 26 . . . . . . . . Kinetic 3439 | . 320 167 1565 254 800 . . 264 69 . . . . . Thermal 971 | . 124 . . 42 583 60 . . 162 . . . . . Explosive 2101 | . . . . . 1620 481 . . . . . . . . Electromagnetic 150 | . . . . . . . . . 64 . . . 86 . Impact . | . . . . . . . . . . . . . . . Slashing 732 | . . . . . . . . . 555 . . 177 . . Piercing . | . . . . . . . . . . . . . . . Highest Corruption 2 | . . . 1 1 . . . . . . . 2 2 2 Average Corruption 1 | . . . 1 1 . . . . . . . 1 2 2 Corruption Purged . | . . . . . . . . . . . . . . . Corruption Blocked . | . . . . . . . . . . . . . . . Effects 20 | . . . 9 7 . . . . . . . 1 2 1 Message Errors 4 | . . . 2 2 . . . . . . . . . . Matter Fused 4 | . . . 2 2 . . . . . . . . . . Heat Flow Errors 3 | . . . . 1 . . . . . . . . 1 1 Energy Discharges 5 | . . . 1 2 . . . . . . . 1 1 . Parts Rejected 1 | . . . 1 . . . . . . . . . . . Data Loss (minor) 1 | . . . 1 . . . . . . . . . . . Data Loss (major) 1 | . . . 1 . . . . . . . . . . . Misfires 1 | . . . 1 . . . . . . . . . . . Overload Shots . | . . . . . . . . . . . . . . . Overflow Damage 341 | . . . . . 229 . . . 56 . . 56 . . Projectiles . | . . . . . . . . . . . . . . . Explosions 229 | . . . . . 229 . . . . . . . . . Melee 112 | . . . . . . . . . 56 . . 56 . . Knockbacks 23 | . 1 1 18 1 . 1 . . 1 . . . . . Impact 1 | . . . . . . 1 . . . . . . . . Kinetic 22 | . 1 1 18 1 . . . . 1 . . . . . Secondary . | . . . . . . . . . . . . . . . Self-Inflicted Damage 524 | . . . . . 442 71 . . . . . . 11 . Shots 17 | . . . . . 12 4 . . . . . . 1 . Rammed 2 | . . . . . 1 1 . . . . . . . . Targets Rammed 2 | . . . . . 1 1 . . . . . . . . Kicked . | . . . . . . . . . . . . . . . Crushed . | . . . . . . . . . . . . . . . Highest Temperature 352 | . 114 62 46 218 352 197 . . 132 . . . 234 180 Average Temperature 66 | . 39 20 15 56 100 72 . . 40 . . . 128 180 Received Heat Transfer 2133 | . 57 556 183 54 728 45 . 459 27 . . . 24 . Effects 5 | . . . . . 5 . . . . . . . . . Energy Bleed 1 | . . . . . 1 . . . . . . . . . Interference 1 | . . . . . 1 . . . . . . . . . Matter Decay 1 | . . . . . 1 . . . . . . . . . Short Circuit 1 | . . . . . 1 . . . . . . . . . Damage (minor) 1 | . . . . . 1 . . . . . . . . . Siege Activations . | . . . . . . . . . . . . . . . Robots Corrupted . | . . . . . . . . . . . . . . . Combat Hostiles . | . . . . . . . . . . . . . . . Parts Fried . | . . . . . . . . . . . . . . . Impact Corruptions . | . . . . . . . . . . . . . . . Robots Melted . | . . . . . . . . . . . . . . . Combat Hostiles . | . . . . . . . . . . . . . . . Parts Melted 2 | . . . . 1 1 . . . . . . . . . Heat Transferred 2257 | . 518 . . 74 1258 111 . . 296 . . . . . Parts Sabotaged . | . . . . . . . . . . . . . . . Parts Stolen . | . . . . . . . . . . . . . . . Parts Stripped . | . . . . . . . . . . . . . . . Power Chain Reactions . | . . . . . . . . . . . . . . . Alert | -11 -10 -10 -9 -9 -8 -8 -7 -7 -6 -6 -6 -5 -5 -5 ------- Run | Yrd Mat Min Mat Min Mat Sto Fac DSF Fac Low Low Fac Upp Upp Peak Influence 627 | . 179 60 376 271 627 480 151 130 303 . . 227 . . Initial 264 | . . 10 13 146 . 264 146 105 36 . . 135 . . Average 182 | . 77 30 170 123 293 366 146 101 88 . . 178 . . Maximum Alert Level 2 | . . . 1 1 2 2 . . 1 . . 1 . . Low Security (%) 63 | 100 100 100 57 79 41 . 100 100 86 . . 72 . . Level 1 23 | . . . 42 20 18 58 . . 13 . . 27 . . Level 2 13 | . . . . . 40 41 . . . . . . . . Level 3 . | . . . . . . . . . . . . . . . Level 4 . | . . . . . . . . . . . . . . . Level 5 . | . . . . . . . . . . . . . . . High Security . | . . . . . . . . . . . . . . . Max Security . | . . . . . . . . . . . . . . . Squads Dispatched 24 | . 2 . 3 . 6 1 . 3 4 . . 5 . . Investigation 9 | . 1 . 2 . 2 . . . 2 . . 2 . . Extermination 1 | . . . . . . . . . . . . 1 . . Reinforcement 13 | . 1 . 1 . 4 1 . 3 2 . . 1 . . Assault 1 | . . . . . . . . . . . . 1 . . Garrison . | . . . . . . . . . . . . . . . Intercept . | . . . . . . . . . . . . . . . Searches Triggered . | . . . . . . . . . . . . . . . Construction Impeded 1 | . . . . . . . . . . . . 1 . . Haulers Reinforced . | . . . . . . . . . . . . . . . Active Scanning Responses . | . . . . . . . . . . . . . . . Cargo Convoy Interrupts . | . . . . . . . . . . . . . . . Stealth | -11 -10 -10 -9 -9 -8 -8 -7 -7 -6 -6 -6 -5 -5 -5 --------- Run | Yrd Mat Min Mat Min Mat Sto Fac DSF Fac Low Low Fac Upp Upp Distress Signals 7 | . 1 . 1 . 2 1 . . . . . 2 . . Communications Jammed . | . . . . . . . . . . . . . . . Distress Signals . | . . . . . . . . . . . . . . . Times Spotted 189 | . 8 26 36 8 39 7 . 13 18 5 1 13 13 2 Peak Tracking Total 19 | . 2 19 5 4 9 4 . 10 6 6 1 9 6 2 Tactical Retreats 26 | . . 4 3 1 2 . . 1 7 2 . 1 5 . Traps | -11 -10 -10 -9 -9 -8 -8 -7 -7 -6 -6 -6 -5 -5 -5 ------- Run | Yrd Mat Min Mat Min Mat Sto Fac DSF Fac Low Low Fac Upp Upp Traps Triggered 7 | . 2 . . . 2 1 . 1 1 . . . . . Indirectly . | . . . . . . . . . . . . . . . Trap Hack Attempts . | . . . . . . . . . . . . . . . Triggered . | . . . . . . . . . . . . . . . Disarmed . | . . . . . . . . . . . . . . . Reprogrammed . | . . . . . . . . . . . . . . . Reused . | . . . . . . . . . . . . . . . Traps Extracted . | . . . . . . . . . . . . . . . Installed . | . . . . . . . . . . . . . . . Triggered 1 | . . . . . . . . . . . 1 . . . Machines | -11 -10 -10 -9 -9 -8 -8 -7 -7 -6 -6 -6 -5 -5 -5 ---------- Run | Yrd Mat Min Mat Min Mat Sto Fac DSF Fac Low Low Fac Upp Upp Machines Disabled 11 | . . . . . 9 1 . . 1 . . . . . Max in Single Turn 2 | . . . . . 2 1 . . 1 . . . . . Garrison Access 2 | . . . . . 1 . . . . . . 1 . . Machines Repaired . | . . . . . . . . . . . . . . . Machines Dismantled . | . . . . . . . . . . . . . . . Machines Sabotaged . | . . . . . . . . . . . . . . . Overloaded Fab Kills . | . . . . . . . . . . . . . . . Hacking | -11 -10 -10 -9 -9 -8 -8 -7 -7 -6 -6 -6 -5 -5 -5 --------- Run | Yrd Mat Min Mat Min Mat Sto Fac DSF Fac Low Low Fac Upp Upp Machines Accessed 34 | . 4 . 6 . 9 6 1 . 3 . . 5 . . Terminals 23 | . 3 . 3 . 5 5 1 . 2 . . 4 . . Fabricators 2 | . . . . . . . . . 1 . . 1 . . Repair Stations 5 | . 1 . 2 . 1 1 . . . . . . . . Recycling Units 1 | . . . . . 1 . . . . . . . . . Scanalyzers 2 | . . . 1 . 1 . . . . . . . . . Garrison Access 1 | . . . . . 1 . . . . . . . . . Total Hacks 108 | . 14 . 26 . 29 16 1 . 9 . . 13 . . Successful 64 | . 9 . 18 . 18 6 1 . 4 . . 8 . . Failed 44 | . 5 . 8 . 11 10 . . 5 . . 5 . . Catastrophic 6 | . . . 1 . 2 2 . . 1 . . . . . Database Lockouts . | . . . . . . . . . . . . . . . Manual . | . . . . . . . . . . . . . . . Terminals 62 | . 11 . 6 . 13 14 1 . 6 . . 11 . . Fabricators 5 | . . . . . . . . . 3 . . 2 . . Repair Stations 26 | . 3 . 13 . 8 2 . . . . . . . . Recycling Units 1 | . . . . . 1 . . . . . . . . . Scanalyzers 12 | . . . 7 . 5 . . . . . . . . . Garrison Access 2 | . . . . . 2 . . . . . . . . . Terminal Hacks 31 | . 8 . 2 . 6 4 1 . 2 . . 8 . . Record 19 | . 5 . 1 . 5 2 . . 2 . . 4 . . Part Schematic 1 | . . . . . . 1 . . . . . . . . Open DSF 1 | . . . . . . . 1 . . . . . . . Scanalyzer Index 1 | . . . . . . . . . . . . 1 . . Alert Level 3 | . 1 . 1 . 1 . . . . . . . . . Locate Traps 1 | . . . . . . . . . . . . 1 . . Recall Reinforcements 1 | . . . . . . . . . . . . 1 . . Hauler Manifests 2 | . 1 . . . . . . . . . . 1 . . Zone Layout 2 | . 1 . . . . 1 . . . . . . . . Fabricator Hacks 2 | . . . . . . . . . 2 . . . . . Load Schematic 1 | . . . . . . . . . 1 . . . . . Build 1 | . . . . . . . . . 1 . . . . . Repair Station Hacks 17 | . 1 . 9 . 5 2 . . . . . . . . Scan Component 10 | . 1 . 5 . 3 1 . . . . . . . . Repair 7 | . . . 4 . 2 1 . . . . . . . . Recycling Unit Hacks 1 | . . . . . 1 . . . . . . . . . Report Inventory 1 | . . . . . 1 . . . . . . . . . Scanalyzer 12 | . . . 7 . 5 . . . . . . . . . Insert Component 7 | . . . 4 . 3 . . . . . . . . . Analyze 5 | . . . 3 . 2 . . . . . . . . . Garrison Access Hacks 1 | . . . . . 1 . . . . . . . . . Seal Access 1 | . . . . . 1 . . . . . . . . . Unauthorized Hacks . | . . . . . . . . . . . . . . . Terminals . | . . . . . . . . . . . . . . . Fabricators . | . . . . . . . . . . . . . . . Repair Stations . | . . . . . . . . . . . . . . . Recycling Units . | . . . . . . . . . . . . . . . Scanalyzers . | . . . . . . . . . . . . . . . Garrison Access . | . . . . . . . . . . . . . . . Data Cores Recovered . | . . . . . . . . . . . . . . . Used . | . . . . . . . . . . . . . . . Hacking Detections 29 | . 3 . 6 . 7 4 1 . 3 . . 5 . . Full Trace Events 9 | . 1 . 3 . 1 . . . 2 . . 2 . . Feedback Events 1 | . . . 1 . . . . . . . . . . . Corruption 1 | . . . 1 . . . . . . . . . . . Feedback Blocked . | . . . . . . . . . . . . . . . Robot Schematics Acquired . | . . . . . . . . . . . . . . . Robots Built . | . . . . . . . . . . . . . . . Authchips . | . . . . . . . . . . . . . . . Time . | . . . . . . . . . . . . . . . Total Robot Build Rating . | . . . . . . . . . . . . . . . Part Schematics Acquired 6 | . . . 3 . 2 1 . . . . . . . . Parts Built 1 | . . . . . . . . . 1 . . . . . Authchips . | . . . . . . . . . . . . . . . Time 49 | . . . . . . . . . 49 . . . . . Total Part Build Rating 2 | . . . . . . . . . 2 . . . . . Parts Repaired 7 | . . . 4 . 2 1 . . . . . . . . Time 210 | . . . 114 . 58 38 . . . . . . . . Parts Recycled . | . . . . . . . . . . . . . . . Recycled Matter . | . . . . . . . . . . . . . . . Retrieved Matter . | . . . . . . . . . . . . . . . Retrieved Components . | . . . . . . . . . . . . . . . Parts Scanalyzed 5 | . . . 3 . 2 . . . . . . . . . Part Schematics Acquired 5 | . . . 3 . 2 . . . . . . . . . Parts Damaged . | . . . . . . . . . . . . . . . Bothacking | -11 -10 -10 -9 -9 -8 -8 -7 -7 -6 -6 -6 -5 -5 -5 ------------ Run | Yrd Mat Min Mat Min Mat Sto Fac DSF Fac Low Low Fac Upp Upp Used RIF Installer . | . . . . . . . . . . . . . . . Robots Hacked . | . . . . . . . . . . . . . . . Non-combat . | . . . . . . . . . . . . . . . Combat . | . . . . . . . . . . . . . . . Robot Hacks Applied . | . . . . . . . . . . . . . . . Relay Couplers Released 2 | . . . . . . . . . . . . 2 . . Machine Destruction 2 | . . . . . . . . . . . . 2 . . Fabnet Peak Effective % . | . . . . . . . . . . . . . . . Robots Rewired . | . . . . . . . . . . . . . . . Allies Hacked . | . . . . . . . . . . . . . . . Hacks Repelled . | . . . . . . . . . . . . . . . Allies | -11 -10 -10 -9 -9 -8 -8 -7 -7 -6 -6 -6 -5 -5 -5 -------- Run | Yrd Mat Min Mat Min Mat Sto Fac DSF Fac Low Low Fac Upp Upp Total Allies 2 | . . . . 2 . . . . . . . . . . Largest Group 2 | . . . . 2 1 . . . . . . . . . Highest-Rated Group 42 | . . . . 42 11 . . . . . . . . . Highest-Rated Ally 31 | . . . . 31 11 . . . . . . . . . Total Orders . | . . . . . . . . . . . . . . . Ally Attacks 7 | . . . . 7 . . . . . . . . . . Total Damage 60 | . . . . 60 . . . . . . . . . . Kills 3 | . . . . 3 . . . . . . . . . . Allies Corrupted . | . . . . . . . . . . . . . . . Allies Melted . | . . . . . . . . . . . . . . . Intel | -11 -10 -10 -9 -9 -8 -8 -7 -7 -6 -6 -6 -5 -5 -5 ------- Run | Yrd Mat Min Mat Min Mat Sto Fac DSF Fac Low Low Fac Upp Upp Robot Analysis Total . | . . . . . . . . . . . . . . . Derelict Logs Recovered 4 | . . . . . . . . . . 1 1 . 2 . Drone Launches 2 | . . . . . . . . . 2 . . . . . Drone Recoveries . | . . . . . . . . . . . . . . . Exploration | -11 -10 -10 -9 -9 -8 -8 -7 -7 -6 -6 -6 -5 -5 -5 ------------- Run | Yrd Mat Min Mat Min Mat Sto Fac DSF Fac Low Low Fac Upp Upp Turns Passed 9104 | 58 590 730 1918 1132 2252 584 23 199 707 187 128 329 226 41 Spaces Moved 6294 | 41 310 435 729 450 816 239 10 85 997 541 394 753 438 56 Core 485 | 18 . . . . . . . 41 45 . . . 325 56 Treads 3056 | 23 310 435 729 450 816 239 10 44 . . . . . . Legs . | . . . . . . . . . . . . . . . Wheels . | . . . . . . . . . . . . . . . Hover 484 | . . . . . . . . . 484 . . . . . Flight 2269 | . . . . . . . . . 468 541 394 753 113 . Fastest Speed 32 | 50 160 160 160 240 225 225 230 50 34 32 32 32 40 50 Average Speed 126 | 111 160 160 224 240 237 230 230 190 54 33 32 32 50 59 Slowest Speed 1550 | 160 320 160 320 240 320 465 230 1550 250 34 32 109 250 100 Overloaded Moves . | . . . . . . . . . . . . . . . Propulsion Burnouts . | . . . . . . . . . . . . . . . Robots Hopped 1 | . . . . . . . . . . . . 1 . . Cave-ins Triggered . | . . . . . . . . . . . . . . . Exploration Rate (%) 47 | 4 43 75 43 76 63 47 . 89 24 69 40 18 71 7 Regions Visited 14 Branch Regions 7 Pre-discovered Areas 1 | . . . . 1 . . . . . . . . . . Known Exits Taken 12 | . 1 1 1 1 1 1 1 . 1 1 1 1 1 . Unknown Exits Taken 1 | 1 . . . . . . . . . . . . . . Scrap Searched 11 | . . 2 . 1 . . . . . 3 2 . 2 1 Spaces Dug 31 | . . . . . . . . . 8 . . 22 . 1 Terrain Destroyed 335 | . . . . . 229 72 . . 11 . . 22 . 1 Melee 31 | . . . . . . . . . 8 . . 22 . 1 Projectile 4 | . . . . . . 1 . . 3 . . . . . AOE 300 | . . . . . 229 71 . . . . . . . . Terrain Rammed . | . . . . . . . . . . . . . . . Walls Destroyed . | . . . . . . . . . . . . . . . Machines Disabled . | . . . . . . . . . . . . . . . Actions | -11 -10 -10 -9 -9 -8 -8 -7 -7 -6 -6 -6 -5 -5 -5 --------- Run | Yrd Mat Min Mat Min Mat Sto Fac DSF Fac Low Low Fac Upp Upp Total 6885 | 52 357 446 865 476 981 257 10 105 1099 543 395 795 442 62 Wait 12 | . . . 3 . . . . . . . . 9 . . Move 6278 | 40 309 434 728 449 815 238 9 84 996 540 393 750 437 56 Hop 1 | . . . . . . . . . . . . 1 . . Pick Up 118 | 5 13 . 32 4 26 4 . 4 24 . 1 3 . 2 Fast Attach 21 | 2 4 . . . 1 . . . 10 3 . 1 . . Attach 68 | 4 1 . 9 . 20 6 . 3 18 . 1 2 2 2 Detach 5 | . . . . . 1 . . . 1 . . 1 1 1 Swap 36 | 1 4 . 9 3 15 1 1 2 . . . . . . Drop 52 | . 4 . 8 4 18 . . 2 14 . . 2 . . Fire 240 | . 22 12 76 16 84 7 . 8 13 . . . 2 . Melee 50 | . . . . . . . . . 23 . . 26 . 1 Ram . | . . . . . . . . . . . . . . . Kick . | . . . . . . . . . . . . . . . Crush 2 | . . . . . 1 1 . . . . . . . . Escape Stasis . | . . . . . . . . . . . . . . . Rewire 2 | . . . . . . . . 2 . . . . . . Trap . | . . . . . . . . . . . . . . . Miscellaneous . | . . . . . . . . . . . . . . . Route ------- -11/Scrapyard -10/Materials (discovered 3 exits: *Mat x2 / *Min) -10/Mines -9/Materials -9/Mines -8/Materials (discovered 2 exits: *Fac / *Sto) -8/Storage -7/Factory -7/DSF -6/Factory -6/Lower Caves -6/Lower Caves (discovered 2 exits: *Fac / Zio) -5/Factory (discovered 3 exits: [*Fac] / *Upp x2) -5/Upper Caves -5/Upper Caves History --------- Turn | Location | Event 16 | -11/Scrapyard | Discovered new exit (range 15) 59 | -11/Scrapyard | Entered Materials 308 | -10/Materials | Build established: Mutant 342 | -10/Materials | Discovered new exit (range 12) 404 | -10/Materials | Discovered new exit (range 15) 505 | -10/Materials | Discovered new exit (range 10) 569 | -10/Materials | Identified exit to Materials 600 | -10/Materials | Identified exit to Mines 649 | -10/Materials | Entered Mines 973 | -10/Mines | Discovered exit to Materials (range 9) 1251 | -10/Mines | Assembled infested the area 1287 | -10/Mines | YI-UF0 nonchalantly dropped a Grenade Launcher on the ground 1379 | -10/Mines | Entered Materials 1379 | -9/Materials | Evolved 2 slots: Propulsion x1, Utility x1 1514 | -9/Materials | Repaired Lgt. Treads 2216 | -9/Materials | Build established: Scavenger-Mutant 2486 | -9/Materials | Repaired Broken Lgt. Treads 2523 | -9/Materials | Repaired Lgt. Treads 2592 | -9/Materials | Repaired Lgt. Armor Plating 2940 | -9/Materials | Build established: Mutant 3217 | -9/Materials | Discovered new exit (range 8) 3234 | -9/Materials | Identified exit to Mines 3297 | -9/Materials | Entered Mines 3794 | -9/Mines | Learned location of Storage (-8) 3844 | -9/Mines | Build established: Scavenger-Mutant 4350 | -9/Mines | Build established: Mutant 4396 | -9/Mines | Discovered new exit (range 9) 4413 | -9/Mines | Identified exit to Materials 4429 | -9/Mines | Entered Materials 4429 | -8/Materials | Accompanied by 1 ally 4429 | -8/Materials | Evolved 2 slots: Utility x2 4805 | -8/Materials | Discovered new exit (range 6) 4820 | -8/Materials | Identified exit to Storage 5129 | -8/Materials | Build established: Scavenger-Mutant 5379 | -8/Materials | Destroyed 9 combat bots 5386 | -8/Materials | Lost 3 parts (2n1w) 5659 | -8/Materials | Build established: Mutant 5865 | -8/Materials | Discovered new exit (range 8) 5882 | -8/Materials | Identified exit to Factory 6103 | -8/Materials | Repaired Imp. Treads 6131 | -8/Materials | Repaired Lgt. Treads 6681 | -8/Materials | Entered Storage 7020 | -8/Storage | Repaired Deuterium Engine 7209 | -8/Storage | Discovered exit to Factory (range 15) 7265 | -8/Storage | Entered Factory 7265 | -7/Factory | Evolved 2 slots: Propulsion x1, Utility x1 7285 | -7/Factory | Identified exit to DSF 7288 | -7/Factory | Entered DSF 7333 | -7/DSF | Additional patrols routed to DSF 7379 | -7/DSF | Lost 4 parts (1n3u) 7478 | -7/DSF | Core integrity fell below 50% 7480 | -7/DSF | Discovered new exit (range 14) 7486 | -7/DSF | Core integrity fell below 20% 7487 | -7/DSF | Entered Factory 7487 | -6/Factory | Evolved 2 slots: Utility x1, Weapon x1 7488 | -6/Factory | Lost 6 parts (1p2n1u2w) 7764 | -6/Factory | Lost 3 parts (1u2w) 7826 | -6/Factory | Lost 3 parts (3u) 7927 | -6/Factory | Fabricated Imp. Flight Unit (x1) 8170 | -6/Factory | Discovered new exit (range 15) 8193 | -6/Factory | Identified exit to Lower Caves 8194 | -6/Factory | Entered Lower Caves 8200 | -6/Lower Caves | Learned location of 1 exit from Factory 8293 | -6/Lower Caves | Encountered a Warlord checkpoint 8313 | -6/Lower Caves | Build established: Hacker-Scout 8352 | -6/Lower Caves | Discovered new exit (range 14) 8381 | -6/Lower Caves | Identified exit to Lower Caves 8381 | -6/Lower Caves | Entered another Lower Caves area 8390 | -6/Lower Caves | Discovered new exit (range 12) 8393 | -6/Lower Caves | Identified exit to Factory 8427 | -6/Lower Caves | Identified exit to Zion 8509 | -6/Lower Caves | Entered Factory 8509 | -5/Factory | Evolved 2 slots: Power x1, Utility x1 8510 | -5/Factory | Identified exit to Upper Caves 8714 | -5/Factory | Spotted B-75 Beast 8834 | -5/Factory | Discovered exit to Upper Caves (range 10) 8838 | -5/Factory | Discovered new exit (range 7) 8838 | -5/Factory | Entered Upper Caves 8864 | -5/Upper Caves | Lost 9 parts (2p2n3u2w) 8903 | -5/Upper Caves | Spotted B-75 Beast 8959 | -5/Upper Caves | Core integrity fell below 50% 8981 | -5/Upper Caves | Core integrity fell below 20% 8990 | -5/Upper Caves | Identified exit to Upper Caves 9011 | -5/Upper Caves | Lost 3 parts (2u1w) 9064 | -5/Upper Caves | Entered another Upper Caves area 9105 | -5/Upper Caves | Destroyed by P-70 Sage with High-powered Shock Rifle Last Messages --------------- Searching scrap... Found Mak. Terrain Scan Processor. Found Reaction Control System. Found Lyr. Heavy Armor Plating. Found 64 Matter. Acquired 25 matter. Searching scrap... Found Arm. Medium Treads. Found 32 Matter. LOCATION=UPPER CAVES GOAL=ESCAPE Searching scrap... Found Hvy. Pick. Found 0b10 Decoder Chip [Skirmisher]. Found 68 Matter. Acquired Hvy. Pick. Acquired 0b10 Decoder Chip [Skirmisher]. Acquired 20 matter. System corrupted: Heat flow error (+220). [Achievement: 5k Club] Map ----- +----------------------------------------------------+ | ?????????????????????????????????????????????????? | | ?????????????????????????????????????????????????? | | ?????????????????????????????????????????????????? | | ?????????????????????????????????????????????????? | | ?????????????????????????????????????????????????? | | ?????????????????????????????????????????????????? | | ????????????????????????????###??????????????????? | | ??????????????????????# ???? ??????????????????? | | ?????????????????????? #???# #?????????????????? | | ?????????????????????? ???# #?????????????????? | | ??????#???????????????# ???# #?????????????????? | | ?????# ??????????????# ???# #?????????????????? | | ????? ?????????????# ##?# #?????????????????? | | ????# ???????????## #?# #?????????????????? | | ????# ###???????# ### #?????????????????? | | ????# ???????# ?# ###???????????????? | | ????# ??????# ?# ##??????????????? | | ?????# ??????# ?# ##?????????????? | | ?????# ####### ### ## #?????????????? | | ?? ## # ## #?????????????? | | ?? ## ## ##????????????? | | ?? ### ### #????????????? | | ?? ??????# #?## # # #????????????? | | ??? ??????????# #??# ### ## ##????????????? | | ????????????????## #?## ### # #?????????????? | | ????????????????#" ### @## # ##????????????? | | ????????????????## ## ## ### #????????????? | | ?????????????????# ## ## ## #????????????? | | ?????????????????# p ### #????????????? | | ?????????????????# p ##?## ##????????????? | | ?????????????????#########???## ##?????????????? | | ??????????????????????????????#####??????????????? | | ?????????????????????????????????????????????????? | | ?????????????????????????????????????????????????? | | ?????????????????????????????????????????????????? | | ?????????????????????????????????????????????????? | | ?????????????????????????????????????????????????? | | ?????????????????????????????????????????????????? | | ?????????????????????????????????????????????????? | | ?????????????????????????????????????????????????? | | ?????????????????????????????????????????????????? | | ?????????????????????????????????????????????????? | | ?????????????????????????????????????????????????? | | ?????????????????????????????????????????????????? | | ?????????????????????????????????????????????????? | | ?????????????????????????????????????????????????? | | ?????????????????????????????????????????????????? | | ?????????????????????????????????????????????????? | | | | | +----------------------------------------------------+ Best States ------------- Heat Dissipation 40 Energy Generation 28 Energy Capacity 300 Matter Stores 300 Matter Capacity 300 Sight Range 16 Robot Scan Range 15 Terrain Scan Density 10 ECM Strength 2 Additional Mass Support 9 Armor Coverage 825 Resistance: EM 15 Core Shielding 20 Propulsion Shielding 66 Evasion (%) 63 Recoil Reduction 4 Offensive Hacking 31 Item Schematics ----------------- Grenade Launcher | -9/Materials | Scanalyzed Imp. EM Shotgun | -9/Materials | Scanalyzed Imp. Flight Unit | -9/Materials | Scanalyzed Hrd. Medium Armor Plating | -8/Materials | Scanalyzed Lgt. Angular Momentum Engine | -8/Materials | Scanalyzed Scythe | -8/Storage | Hacked Robot Schematics ------------------ None Fabricated ------------ Imp. Flight Unit | x1 | -6/Factory Alien Tech Used ----------------- None Achievements -------------- 5k Club GoHome() I Spy I Survived The Infestation Just What I Needed Knowing Is Half The Battle Oops Part-time Excavator Remodeling Safety First Serviceable Loadout Use The Force Challenges ------------ None Game ------ Seed ClaymoresSurveybotDrive Manual? 0 Play Time 02:39:23 Cumulative 5.9 hours Start 2024.08.24 @ 18:14:54 End 2024.09.07 @ 17:44:29 Sessions 8 Manual Loads 0 Difficulty Rogue Special Mode None Game No. 5 Rogue 5 Adventurer 0 Explorer 0 Win Type - Total 0 Types 0/0/0/0/0/0/0/0/0 Lore% 4 Gallery% 9 Achievement% 11 Wizard Run 0 Options --------- Layout 1 ASCII 0 Keyboard 0 Movement Mouse Keybinds 0 Fullscreen 2 Font 32/SmallcapsGlow Map View 50x35 Zoom Use 0% Tactical HUD 0 Map Filters NONE Filters NONE Steam 1 RUN: 1508e7bc-f65a-41e2-8610-153a288e598f